 Dungeon Crawl Stone Soup version 0.29-a0-468-ge57f7f99b4 (webtiles) character file.

Game seed: 3318593471100243425

2699 Zdeegee the Cleaver (level 9, -6/79 HPs)
             Began as a Minotaur Fighter on May 21, 2022.
             Was an Elder of Okawaru.
             Mangled by an orc knight
             ... wielding a +0 battleaxe
              (23 damage)
             ... in a bailey.
             The game lasted 00:11:09 (5798 turns).

Zdeegee the Cleaver (Minotaur Fighter)              Turns: 5798, Time: 00:11:10

Health: -6/79      AC:  9    Str: 37    XL:     9   Next: 38%
Magic:  11/11      EV: 10    Int:  5    God:    Okawaru [****..]
Gold:   295        SH:  6    Dex: 10    Spells: 8/8 levels left

rFire   . . .      SeeInvis .   a - +0 war axe
rCold   . . .      Faith    .   c - +1 buckler
rNeg    . . .      Spirit   .   b - +0 scale mail
rPois   .          Reflect  .   (helmet restricted)
rElec   .          Harm     .   e - +0 cloak
rCorr   .          Rampage  .   (no gloves)
Will    .....                   (no boots)
Stlth   ..........              (no amulet)
HPRegen 0.23/turn               p - +6 ring of strength
MPRegen 0.12/turn               k - +6 ring of strength

@: about to teleport
A: horns 2, retaliatory headbutt
a: Renounce Religion, Heroism, Finesse


You were in a bailey.
You worshipped Okawaru.
Okawaru was greatly pleased with you.
You visited 2 branches of the dungeon, and saw 9 of its levels.
You also visited: Sewer and Bailey.

You collected 295 gold pieces.

Inventory:

Hand Weapons
 a - a +0 war axe (weapon)
 n - a +0 hunting sling
 w - a +0 flail of holy wrath
Missiles
 o - 55 stones (quivered)
 z - 6 boomerangs
Armour
 b - a +0 scale mail (worn)
 c - a +1 buckler (worn)
 e - a +0 cloak (worn)
 j - a +0 ring mail of cold resistance
 y - a +0 kite shield
Jewellery
 k - a +6 ring of strength (right hand)
 p - a +6 ring of strength (left hand)
 r - a ring of fire
 u - a +4 ring of evasion
Scrolls
 i - 2 scrolls of immolation
 q - a scroll of blinking
 v - a scroll of fog
Potions
 d - a potion of might
 f - 2 potions of invisibility {unknown}
 g - a potion of ambrosia
 h - a potion of haste
 l - 4 potions of brilliance
 m - 2 potions of degeneration {unknown}
 t - 3 potions of curing
 x - 2 potions of flight {unknown}


   Skills:
 * Level 7.6 Fighting
 + Level 8.7 Axes
 * Level 7.7 Armour
 + Level 1.5 Dodging
 + Level 0.7 Stealth
 * Level 7.0 Shields
 + Level 0.5 Unarmed Combat
 * Level 4.5 Invocations


You had 8 spell levels left.
You didn't know any spells.
Your spell library contained the following spells:

 Spells                   Type           Power      Damage    Failure   Level
 Apportation              Tloc           0%         N/A       75%         1
 Necrotize                Necr           0%         1d4       75%         1
 Slow                     Hex            0%         N/A       75%         1
 Confusing Touch          Hex            0%         N/A       98%         3
 Dazzling Flash           Conj/Hex       0%         N/A       98%         3
 Vampiric Draining        Necr           0%         2d6       98%         3
 Iskenderun's Mystic Bla  Conj/Tloc      0%         2d3       100%        4
 Starburst                Conj/Fire      0%         6d3       100%        6
 Summon Small Mammal      Summ           Unusable   N/A       N/A         1

Dungeon Overview and Level Annotations

Branches:
Dungeon (8/15)             Temple (1/1) D:4           Sewer (visited)
 Bailey (1/1)
   Lair: D:8-11

Altars:
Ashenzari
Cheibriados
Dithmenos
Elyvilon
Fedhas
Gozag
Hepliaklqana
Kikubaaqudgha
Makhleb
Okawaru
Ru
Sif Muna
Uskayaw
Vehumet
Wu Jian
Xom
Yredelemnul


Innate Abilities, Weirdness & Mutations

You have a pair of horns on your head.
You reflexively headbutt those who attack you in melee.


Message History

Okawaru accepts your kill.
Items here: )))) [[[[ ††††.
You open the door.
An orc warrior comes into view. It is wielding a +0 war axe.
The orc warrior shouts!
You hear a shout!
There is an open door here.
You block the orc warrior's attack.
You slice the orc warrior!!
You headbutt the orc warrior, but do no damage.
The orc warrior is severely wounded.
The orc warrior barely misses you.
An electric eel comes into view.
You slash the orc warrior! Your headbutt misses the orc warrior.
The orc warrior is almost dead.
The orc warrior hits you with a +0 war axe!
* * * LOW HITPOINT WARNING * * *
You slash the orc warrior!
You kill the orc warrior!
Okawaru accepts your kill.
An orc knight comes into view. It is wielding a +0 battleaxe.
There is an open door here.
Items here: )))) [[[[ ††††.
There is an open door here.
You aren't carrying any items that you can evoke.
You are confused.
You feel invigorated.
You bump into the granite statue.
You feel less invigorated.
You feel less confused.
The orc knight attacks as you move away!
The orc knight hits you with a +0 battleaxe!!
* * * LOW HITPOINT WARNING * * *
There is a large open door here.
You feel a little less mighty now.
There is an open gate here.
As you read the scroll of teleportation, it crumbles to dust.
You feel strangely unstable. You block the orc knight's attack.
The orc knight attacks as you move away!
The orc knight hits you with a +0 battleaxe!!
You die...

############# ≈≈≈≈≈#
...)#.......# #≈≈≈≈≈#
...)'.8.8.8.# #≈≈≈≈≈#
#########.).######≈≈≈≈≈#
#......#.≈≈≈≈≈≈#
#......#))≈≈≈≈.######
#####''#.≈≈≈≈≈......#
#.....#.≈≈≈≈≈......###
#.....o@.............#
#..⌠..'..........∩..∩#
#.....'..............#
#.....#.≈≈≈≈≈......###
####++#.≈≈≈≈≈......#
#.≈≈≈≈≈.###### #.≈≈≈≈≈≈#
###≈≈≈≈≈# #≈≈≈≈≈#


You could see an orc knight.

Vanquished Creatures
  An orc knight (Bailey)
  A wyvern (D:7)
  6 yaks (D:8)
  Edmund (D:4)
  A water moccasin (D:7)
  2 orc warriors (Bailey)
  An ogre (D:7)
  3 bullfrogs
  2 electric eels (Bailey)
  2 orc priests (D:6)
  Crazy Yiuf (D:3)
  A jelly (D:7)
  Ijyb (D:4)
  2 iguanas
  4 orc wizards
  Robin (D:2)
  2 gnolls (Bailey)
  A river rat (D:4)
  3 adders (Sewer)
  A white imp (D:7)
  2 worms
  A dart slug (D:3)
  12 orcs
  15 ball pythons
  9 endoplasms
  18 giant cockroaches
  20 goblins
  9 hobgoblins
  3 jackals (D:1)
  5 kobolds
  20 quokkas
  5 bats
  11 frilled lizards (Sewer)
  5 rats
172 creatures vanquished.

Notes
Turn   | Place    | Note
-------+----------+-------------------------------------------
     0 | D:1      | Zdeegee the Minotaur Fighter began the quest for the Orb.
     0 | D:1      | Reached XP level 1. HP: 19/19 MP: 0/0
   188 | D:1      | Reached XP level 2. HP: 27/27 MP: 1/1
   274 | D:1      | Found a faded altar of an unknown god.
   736 | D:2      | Reached XP level 3. HP: 24/33 MP: 2/2
   874 | D:2      | Found an ornate altar of the Wu Jian Council.
  1154 | D:2      | Found a hide-covered altar of Uskayaw.
  1223 | D:2      | Identified the +2 helmet of Fedhas's Displeasure {rN+ Will+
                  | MP+9}
  1223 | D:2      | Noticed Robin
  1227 | D:2      | Reached skill level 3 in Axes
  1237 | D:2      | Killed Robin
  1582 | D:3      | Reached XP level 4. HP: 40/40 MP: 3/3
  1831 | D:3      | Reached skill level 5 in Armour
  2007 | D:3      | Found a runed translucent door.
  2008 | D:3      | Noticed Crazy Yiuf
  2597 | D:3      | Killed Crazy Yiuf
  2598 | D:3      | Reached XP level 5. HP: 8/47 MP: 4/4
  2966 | D:4      | Found a staircase to the Ecumenical Temple.
  2975 | Temple   | Entered the Ecumenical Temple
  3129 | Temple   | Became a worshipper of Warmaster Okawaru
  3231 | D:4      | Reached skill level 4 in Axes
  3237 | D:4      | Found a glowing drain.
  3241 | Sewer    | Entered a sewer
  3679 | Sewer    | Reached skill level 1 in Invocations
  3964 | Sewer    | Reached XP level 6. HP: 51/53 MP: 5/5
  4042 | Sewer    | Reached * piety under Okawaru
  4045 | Sewer    | Reached skill level 5 in Shields
  4254 | D:4      | Reached skill level 5 in Fighting
  4258 | D:4      | Reached skill level 5 in Axes
  4453 | D:4      | Noticed Ijyb
  4465 | D:4      | Killed Ijyb
  4856 | D:4      | Noticed Edmund
  4866 | D:4      | Killed Edmund
  4867 | D:4      | Reached XP level 7. HP: 61/61 MP: 5/7
  4960 | D:5      | Entered Level 5 of the Dungeon
  4984 | D:5      | You fall into a shaft and drop 3 floors!
  4989 | D:8      | Noticed a yak
  4989 | D:8      | Noticed a yak
  4990 | D:8      | Noticed a yak
  4991 | D:8      | Noticed a yak
  4991 | D:8      | Noticed a yak
  4993 | D:8      | Noticed a yak
  4995 | D:8      | Killed a yak
  4996 | D:8      | Reached skill level 1 in Dodging
  4997 | D:8      | Killed a yak
  4997 | D:8      | Reached ** piety under Okawaru
  4998 | D:8      | Reached skill level 6 in Axes
  5001 | D:8      | Killed a yak
  5002 | D:8      | Reached XP level 8. HP: 70/70 MP: 5/9
  5006 | D:8      | Reached skill level 7 in Axes
  5007 | D:8      | Reached *** piety under Okawaru
  5356 | D:7      | Noticed a two-headed ogre
  5397 | D:7      | Found a flagged portal.
  5413 | D:7      | Reached XP level 9. HP: 38/78 MP: 7/11
  5442 | Bailey   | Entered a bailey
  5604 | Bailey   | Reached skill level 8 in Axes
  5721 | Bailey   | Noticed an orc knight
  5733 | Bailey   | Killed an orc knight
  5733 | Bailey   | Reached **** piety under Okawaru
  5773 | Bailey   | Noticed an orc knight
  5798 | Bailey   | Mangled by an orc knight

Illustrated notes

Levels and vault maps discovered:
D:1:      ncdulo_smallfort, layout_loops_cross,
          chequers_ecumenical_altar_twisty, minmay_octomino_e4
D:2:      layout_rooms, basic_altar, kennysheep_flooded_box, uniq_robin
D:3:      layout_basic, uniq_crazy_yiuf_cottage
D:4:      layout_loops_ring, minmay_temple_entry_sparse_star,
          gup_sewer_entry_bowl, uniq_ijyb, uniq_edmund
D:5:      lemuel_ratsnest, layout_loops_ring,
          amcnicky_mini_rare_corridor_liquid, kb_lookout_dungeons_type,
          st_stairs_10
D:6:      layout_layer_cave, serial_shops, nicolae_diamond_shop, uniq_duvessa
D:7:      layout_gridville, enter_ossuary_4, enter_bailey_5
D:8:      layout_loops_ring, uniq_maurice
Temple:   mainiacjoe_temple_trianglar_array
Bailey:   bailey_axe_of_yendor_kennysheep, bailey

Skill      XL: |  1  2  3  4  5  6  7  8  9 |
---------------+----------------------------+-----
Armour         | 4 5 6 7 |  7.7
Shields        | 4 5 6 7 |  7.0
Fighting       | 4 5 6 7 |  7.6
Axes           | 3 4 5 6 7 8 |  8.7
Invocations    | 1 2 4 |  4.5
Dodging        | 1 |  1.5
Stealth        | |  0.7
Unarmed Combat | |  0.5

Action                   |  1- 3 |  4- 6 |  7- 9 || total
-------------------------+-------+-------+-------++-------
Melee: War axe           |    94 |   219 |    67 ||   380
       Headbutt          |     7 |    18 |    20 ||    45
       Unarmed           |       |     6 |       ||     6
Invok: Heroism           |       |     2 |     3 ||     5
  Use: Scroll            |     1 |     9 |     4 ||    14
       Potion            |       |     2 |     4 ||     6
Armor: Scale mail        |    55 |   136 |     8 ||   199
       Skin              |       |     3 |       ||     3
Dodge: Dodged            |    44 |    92 |    18 ||   154
Block: Buckler           |    24 |    66 |    17 ||   107

Table legend: (Time is in decaauts)
 A = Elapsed time spent in this place.
 B = Non-inter-level travel time spent in this place.
 C = Inter-level travel time spent in this place.
 D = Time resting spent in this place.
 E = Time spent auto-exploring this place.
 F = Levels seen in this place.
 G = Mean time per level.
                   A        B        C        D        E       F      G
               +--------+--------+--------+--------+--------+-----+--------+
         Total |   5982 |   5856 |    126 |    771 |   3596 |  11 |  543.8 |
       Dungeon |   4458 |   4332 |    126 |    155 |   3303 |   8 |  557.2 |
        Temple |    175 |    175 |      0 |      0 |      0 |   1 |  175.0 |
         Sewer |    990 |    990 |      0 |    357 |    291 |   1 |  990.0 |
        Bailey |    357 |    357 |      0 |    259 |      2 |   1 |  357.0 |
               +--------+--------+--------+--------+--------+-----+--------+

Top non-repeatable levels by time:
     D:3: 1391 daAuts
     D:4: 1009 daAuts
   Sewer: 990 daAuts
     D:2: 849 daAuts
     D:1: 726 daAuts
     D:7: 413 daAuts
  Bailey: 357 daAuts
  Temple: 175 daAuts
     D:8: 27 daAuts
     D:5: 23 daAuts
     D:6: 17 daAuts
